EDMONTON Oilers vs TORONTO Maple Leafs

Created - 5 avril 2024 at 17:07

Goals
1 2 3 T
EDMONTON Oilers 0 3 0 3
TORONTO Maple Leafs 2 1 1 4
Shots
1 2 3 T
EDMONTON Oilers 4 3 6 13
TORONTO Maple Leafs 9 19 15 43

1st period

1. TORONTO Maple Leafs , Artem Zub 3 (Kevin Stenlund 3, Alex Goligoski 12) at 9:45
2. TORONTO Maple Leafs , Mark Jankowski 6 (Sam Lafferty 16, John Marino 25) at 10:56

Penalties :
Mark Friedman (TOR) for Slashing (Double Minor) at 2:40, Sam Lafferty (TOR) for Slashing (Minor) at 17:05

2nd period

3. EDMONTON Oilers , Nico Sturm 10 (Tucker Poolman 10, Nikita Zaitsev 20) at 10:16
4. EDMONTON Oilers , Drake Batherson 16 (Nikita Zaitsev 21) at 11:45
5. TORONTO Maple Leafs , Mark Jankowski 7 (Colin White 12, Nick Leddy 27) at 16:31 (PP)
6. EDMONTON Oilers , Milan Lucic 8 (Will Butcher 14) at 17:10

Penalties :
Milan Lucic (EDM) for Tripping (Minor) at 5:22, Moritz Seider (EDM) for High sticking (Minor) at 14:49

3rd period

7. TORONTO Maple Leafs , Janne Kuokkanen 1 (Nick Leddy 28, Kevin Stenlund 4) at 1:55

Penalties :
Nicolas Aube-Kubel (EDM) for Delaying the game (Minor) at 4:11, Alex Goligoski (TOR) for Slashing (Minor) at 6:30, Nick Leddy (TOR) for Holding (Minor) at 15:25, T.J. Oshie (EDM) for Roughing (Minor) at 15:25, Artem Zub (TOR) for Slashing (Minor) at 15:50, Sam Lafferty (TOR) for Fighting (Major) at 19:15, Alexander Romanov (EDM) for Fighting (Major) at 19:15

Goalie Stats

Adin Hill (EDM), 39 saves from 43 shots - (0,907), L, 19-46-2, 59:10 minutes
Matt Murray (TOR), 10 saves from 13 shots - (0,769), W, 26-37-6, 60:00 minutes

Players Stats for EDMONTON Oilers

Player Name              G  A  P  +/- PIM S  H  SB GA TA FO     MP     PP MP  PK MP  
------------------------------------------------------------------------------------
Alex Wennberg            0  0  0   0  0   1  0  0  0  0  7/13   21:14   3:40   3:49 
Alexander Romanov        0  0  0   0  5   2  3  2  0  0  0/0    24:30   4:13   2:47 
Denis Gurianov           0  0  0   0  0   0  0  0  0  0  0/0    10:08   1:32   0:00 
Drake Batherson          1  0  1   1  0   1  4  0  0  0  0/0    19:04   3:48   0:00 
Dylan Cozens             0  0  0   1  0   2  2  0  0  0  10/20  21:11   3:02   1:51 
Kent Johnson             0  0  0   0  0   0  0  0  0  0  0/3    13:14   4:38   0:00 
Kyle Palmieri            0  0  0   0  0   1  2  0  0  0  1/1    18:07   4:38   1:51 
Leo Komarov              0  0  0  -1  0   0  0  0  0  0  2/9     8:45   0:42   0:00 
Michal Kempny            0  0  0  -1  0   0  2  1  0  0  0/0    12:48   0:04   0:28 
Milan Lucic              1  0  1  -1  2   1  2  0  0  0  1/1     8:02   0:00   0:00 
Moritz Seider            0  0  0   0  2   1  1  0  0  0  0/0    24:22   4:17   1:51 
Nico Sturm               1  0  1   0  0   1  1  0  0  0  6/12    8:36   0:00   0:00 
Nicolas Aube-Kubel       0  0  0  -1  2   1  1  0  0  0  1/1     8:02   0:00   0:00 
Nikita Zaitsev           0  2  2   1  0   0  2  0  0  0  0/0    22:40   4:05   3:08 
Owen Tippett             0  0  0   1  0   1  0  0  0  0  6/15   24:04   3:06   3:17 
T.J. Oshie               0  0  0   0  2   0  1  0  0  0  1/3    11:51   0:00   0:32 
Tucker Poolman           0  1  1   1  0   1  0  0  0  0  0/0    20:16   4:05   0:00 
Will Butcher             0  1  1  -1  0   0  0  0  0  0  0/0    15:22   0:00   3:06 

Players Stats for TORONTO Maple Leafs

Player Name              G  A  P  +/- PIM S  H  SB GA TA FO     MP     PP MP  PK MP  
------------------------------------------------------------------------------------
Alex Goligoski           0  1  1  -1  2   2  0  0  0  0  0/0    17:42   2:32   3:51 
Alexander Holtz          0  0  0   0  0   3  0  0  0  0  0/1    12:28   0:00   0:00 
Artem Zub                1  0  1  -1  2   1  1  4  0  0  0/0    14:11   0:00   0:58 
Colin White              0  1  1   0  0   0  1  0  0  0  0/1    21:14   2:18   4:44 
Dennis Gilbert           0  0  0   0  0   0  0  0  0  0  0/0     1:50   0:00   0:00 
Janne Kuokkanen          1  0  1   0  0   3  0  0  0  0  0/0    12:28   0:00   0:00 
John Marino              0  1  1   2  0   6  1  1  0  0  0/0    21:31   3:08   4:46 
Jonah Gadjovich          0  0  0   0  0   0  1  0  0  0  0/0     6:12   0:00   2:47 
Josh Bailey              0  0  0   0  0   3  0  0  0  0  2/3    20:19   3:22   3:03 
Kevin Stenlund           0  2  2   0  0   3  0  0  0  0  3/6    12:28   0:00   0:00 
Mark Friedman            0  0  0  -1  4   2  2  2  0  0  0/0    17:36   0:00   0:00 
Mark Jankowski           2  0  2   0  0   3  0  0  0  0  0/2    17:01   2:18   0:31 
Nick Leddy               0  2  2   2  2   2  1  0  0  0  0/0    20:57   3:08   4:38 
Ryan Carpenter           0  0  0   0  0   2  3  1  0  0  1/5    21:06   3:22   0:00 
Sam Lafferty             0  1  1   0  7   4  3  0  0  0  15/23  18:33   2:18   2:05 
Simon Holmstrom          0  0  0   0  0   1  0  0  0  0  0/0     3:25   0:00   0:00 
Tyler Seguin             0  0  0   0  0   2  2  0  0  0  22/37  22:49   3:22   5:08 
Vince Dunn               0  0  0  -1  0   6  2  0  0  0  0/0    26:09   2:32   5:39 

3 Stars

1 - Mark Jankowski (TOR)
2 - Drake Batherson (EDM)
3 - Nikita Zaitsev (EDM)

Power Play

EDMONTON Oilers - 0 on 5 Attempt(s) - 0,00%
TORONTO Maple Leafs - 1 on 3 Attempt(s) - 33,33%

Penalty Kill

EDMONTON Oilers - 2 on 3 Attempt(s) - 66,67% - Score 0 goal in Penalty Kill
TORONTO Maple Leafs - 5 on 5 Attempt(s) - 100,00% - Score 0 goal in Penalty Kill

Team Stat

EDMONTON Oilers - Hits : 21 - Faceoff Wins : 35 - Blocked Shots : 3 - Penalty Minutes : 13
TORONTO Maple Leafs - Hits : 17 - Faceoff Wins : 43 - Blocked Shots : 8 - Penalty Minutes : 17

Official

Referees : Furman South and Samantha Hiller
Linesman : Caleb Apperson and Kory Nagy

Game Notes

Sam Lafferty beats up Alexander Romanov at 19:15 of 3rd period

Finance

Level 1 -- Attendance: 6652 (95,03%) -- Ticket Income $631,940
Level 2 -- Attendance: 4196 (69,93%) -- Ticket Income $251,760
Level 3 -- Attendance: 1653 (55,10%) -- Ticket Income $66,120
Level 4 -- Attendance: 3924 (65,40%) -- Ticket Income $78,480
Luxury Box -- Attendance: 738 (73,80%) -- Ticket Income $166,050
Game was played at the Air Canada Centre.
Total Attendance: 17163 (74,62%)
Total Ticket Income: $1,194,350
Other Income: $298,588
Total Income: $1,492,938

EDMONTON Oilers

5 vs 5 Forward 
   Center                   Left Wing                Right Wing               Time % Phy DF OF 
 1 Dylan Cozens             Owen Tippett             Drake Batherson          35     1   1  3  
 2 Alex Wennberg            Kyle Palmieri            T.J. Oshie               28     1   1  3  
 3 Nico Sturm               Kent Johnson             Denis Gurianov           20     1   2  2  
 4 Leo Komarov              Milan Lucic              Nicolas Aube-Kubel       17     5   0  0  

5 vs 5 Defense 
   Defense                  Defense                                           Time % Phy DF OF 
 1 Moritz Seider            Alexander Romanov                                 46     1   2  2  
 2 Nikita Zaitsev           Tucker Poolman                                    34     1   2  2  
 3 Will Butcher             Michal Kempny                                     20     1   2  2  
 4 Moritz Seider            Alexander Romanov                                 0      1   2  2  

PowerPlay Forward 
   Center                   Left Wing                Right Wing               Time % Phy DF OF 
 1 Alex Wennberg            Dylan Cozens             Owen Tippett             60     1   2  2  
 2 Kent Johnson             Kyle Palmieri            Drake Batherson          40     1   2  2  

PowerPlay Defense
   Defense                  Defense                                           Time % Phy DF OF 
 1 Moritz Seider            Alexander Romanov                                 60     1   2  2  
 2 Nikita Zaitsev           Tucker Poolman                                    40     1   2  2  

Penalty Kill 4 Players Forward 
   Center                   Wing                     Time % Phy DF OF 
 1 Owen Tippett             Alex Wennberg            60     1   2  2  
 2 Dylan Cozens             Kyle Palmieri            40     1   2  2  

Penalty Kill 4 Players Defense
   Defense                  Defense                  Time % Phy DF OF 
 1 Moritz Seider            Alexander Romanov        60     1   2  2  
 2 Nikita Zaitsev           Will Butcher             40     1   2  2  

Penalty Kill - 3 Players Forward 
   Forward                                           Time % Phy DF OF 
 1 Owen Tippett                                      60     1   2  2  
 2 Alex Wennberg                                     40     1   2  2  

Penalty Kill - 3 Players Defense
   Defense                  Defense                  Time % Phy DF OF 
 1 Moritz Seider            Alexander Romanov        60     1   2  2  
 2 Nikita Zaitsev           Will Butcher             40     1   2  2  

4 vs 4 Forward 
   Center                   Wing                     Time % Phy DF OF 
 1 Owen Tippett             Alex Wennberg            60     1   2  2  
 2 Dylan Cozens             Kyle Palmieri            40     1   2  2  

4 vs 4 Defense
   Defense                  Defense                  Time % Phy DF OF 
 1 Moritz Seider            Alexander Romanov        60     1   2  2  
 2 Nikita Zaitsev           Tucker Poolman           40     1   2  2  

Last Minutes Offensive
   Center                   Left Wing                Right Wing               Defense                  Defense                  
   Alex Wennberg            Dylan Cozens             Owen Tippett             Moritz Seider            Alexander Romanov        

Last Minutes Defensive
   Center                   Left Wing                Right Wing               Defense                  Defense                  
   Alex Wennberg            Dylan Cozens             Owen Tippett             Moritz Seider            Alexander Romanov        

Goaltenders
Starting : Adin Hill                
Backup : Mikko Koskinen           

Extra Forwards
Normal : Alex Wennberg, Drake Batherson, T.J. Oshie - PP : Dylan Cozens, Kent Johnson - PK : T.J. Oshie
Extra Defensemen
Normal : Tucker Poolman, Will Butcher, Nikita Zaitsev - PP : Tucker Poolman - PK : Will Butcher, Nikita Zaitsev
Penalty Shots
Owen Tippett, Alex Wennberg, Dylan Cozens, Kyle Palmieri, Drake Batherson

Scratches
James Neal (Healthy)

TORONTO Maple Leafs

5 vs 5 Forward 
   Center                   Left Wing                Right Wing               Time % Phy DF OF 
 1 Tyler Seguin             Josh Bailey              Ryan Carpenter           40     1   2  2  
 2 Sam Lafferty             Mark Jankowski           Colin White              30     1   2  2  
 3 Ryan Carpenter           Jonah Gadjovich          Simon Holmstrom          20     1   2  2  
 4 Kevin Stenlund           Janne Kuokkanen          Alexander Holtz          10     1   2  2  

5 vs 5 Defense 
   Defense                  Defense                                           Time % Phy DF OF 
 1 Vince Dunn               Mark Friedman                                     40     1   2  2  
 2 Nick Leddy               John Marino                                       30     1   2  2  
 3 Alex Goligoski           Artem Zub                                         20     1   2  2  
 4 Vince Dunn               Dennis Gilbert                                    10     1   2  2  

PowerPlay Forward 
   Center                   Left Wing                Right Wing               Time % Phy DF OF 
 1 Tyler Seguin             Josh Bailey              Ryan Carpenter           60     1   2  2  
 2 Sam Lafferty             Mark Jankowski           Colin White              40     1   2  2  

PowerPlay Defense
   Defense                  Defense                                           Time % Phy DF OF 
 1 Vince Dunn               Alex Goligoski                                    60     1   2  2  
 2 Nick Leddy               John Marino                                       40     1   2  2  

Penalty Kill 4 Players Forward 
   Center                   Wing                     Time % Phy DF OF 
 1 Tyler Seguin             Colin White              60     1   2  2  
 2 Josh Bailey              Sam Lafferty             40     1   2  2  

Penalty Kill 4 Players Defense
   Defense                  Defense                  Time % Phy DF OF 
 1 Alex Goligoski           Vince Dunn               60     1   2  2  
 2 Nick Leddy               John Marino              40     1   2  2  

Penalty Kill - 3 Players Forward 
   Forward                                           Time % Phy DF OF 
 1 Tyler Seguin                                      60     1   2  2  
 2 Josh Bailey                                       40     1   2  2  

Penalty Kill - 3 Players Defense
   Defense                  Defense                  Time % Phy DF OF 
 1 Vince Dunn               Artem Zub                60     1   2  2  
 2 Nick Leddy               John Marino              40     1   2  2  

4 vs 4 Forward 
   Center                   Wing                     Time % Phy DF OF 
 1 Tyler Seguin             Ryan Carpenter           60     1   2  2  
 2 Josh Bailey              Sam Lafferty             40     1   2  2  

4 vs 4 Defense
   Defense                  Defense                  Time % Phy DF OF 
 1 Artem Zub                Vince Dunn               60     1   2  2  
 2 Nick Leddy               John Marino              40     1   2  2  

Last Minutes Offensive
   Center                   Left Wing                Right Wing               Defense                  Defense                  
   Tyler Seguin             Josh Bailey              Sam Lafferty             Vince Dunn               Mark Friedman            

Last Minutes Defensive
   Center                   Left Wing                Right Wing               Defense                  Defense                  
   Tyler Seguin             Josh Bailey              Sam Lafferty             Vince Dunn               Mark Friedman            

Goaltenders
Starting : Matt Murray              
Backup : Alex Nedeljkovic         

Extra Forwards
Normal : Ryan Carpenter, Simon Holmstrom, Jonah Gadjovich - PP : Ryan Carpenter, Simon Holmstrom - PK : Jonah Gadjovich
Extra Defensemen
Normal : Alex Goligoski, Artem Zub, Vince Dunn - PP : Alex Goligoski - PK : Artem Zub, Vince Dunn
Penalty Shots
Tyler Seguin, Simon Holmstrom, Josh Bailey, Sam Lafferty, Colin White

Scratches
None


% Time on Ice - EDMONTON Oilers

Lines # - Real PCT - Wanted PCT - Time Play
Normal Forward
1 - 35% - 35% - 15:16
2 - 26% - 28% - 11:20
3 - 20% - 20% - 8:36
4 - 19% - 17% - 8:03
Normal Defense
1 - 38% - 46% - 16:17
2 - 34% - 34% - 14:42
3 - 28% - 20% - 12:16
4 - 0% - 0% - 0:00
PP Forward
1 - 45% - 60% - 3:44
2 - 55% - 40% - 4:38
PP Defense
1 - 51% - 60% - 4:17
2 - 49% - 40% - 4:05
PK Forward
1 - 67% - 60% - 3:49
2 - 33% - 40% - 1:51
PK Defense
1 - 57% - 60% - 3:15
2 - 43% - 40% - 2:25
PK3 Forward
1 - 0% - 60%
2 - 0% - 40%
PK3 Defense
1 - 0% - 60%
2 - 0% - 40%
44 Forward
1 - 85% - 60% - 1:41
2 - 15% - 40% - 0:18
44 Defense
1 - 62% - 60% - 1:14
2 - 38% - 40% - 0:45
Last Minute Offensive  - 0:44
Last Minute Defensive  - 0:00
Total
Forward - 60:00
Defense - 60:00

% Time on Ice - TORONTO Maple Leafs

Lines # - Real PCT - Wanted PCT - Time Play
Normal Forward
1 - 30% - 40% - 13:10
2 - 33% - 30% - 14:12
3 - 8% - 20% - 3:25
4 - 29% - 10% - 12:28
Normal Defense
1 - 38% - 40% - 16:28
2 - 31% - 30% - 13:37
3 - 26% - 20% - 11:20
4 - 4% - 10% - 1:50
PP Forward
1 - 59% - 60% - 3:22
2 - 41% - 40% - 2:18
PP Defense
1 - 45% - 60% - 2:32
2 - 55% - 40% - 3:08
PK Forward
1 - 66% - 60% - 5:33
2 - 34% - 40% - 2:49
PK Defense
1 - 60% - 60% - 4:59
2 - 40% - 40% - 3:23
PK3 Forward
1 - 85% - 60% - 1:20
2 - 15% - 40% - 0:14
PK3 Defense
1 - 37% - 60% - 0:35
2 - 63% - 40% - 0:59
44 Forward
1 - 100% - 60% - 0:25
2 - 0% - 40% - 0:00
44 Defense
1 - 100% - 60% - 0:25
2 - 0% - 40% - 0:00
Last Minute Offensive  - 0:00
Last Minute Defensive  - 0:44
Total
Forward - 60:00
Defense - 60:00

Play-by-Play

1st period


0:01 of 1st period - Dylan Cozens wins face-off versus Tyler Seguin in neutral zone.
0:11 of 1st period - Shot by Vince Dunn.
0:11 of 1st period - Stopped by Adin Hill without a rebound.
0:12 of 1st period - Sam Lafferty wins face-off versus Alex Wennberg in EDMONTON Oilers zone.
0:23 of 1st period - Sam Lafferty is hit by Kyle Palmieri.
1:03 of 1st period - Icing by Sam Lafferty.
1:04 of 1st period - Sam Lafferty wins face-off versus Leo Komarov in TORONTO Maple Leafs zone.
1:08 of 1st period - Off-side.
1:09 of 1st period - Tyler Seguin wins face-off versus Dylan Cozens in neutral zone.
1:20 of 1st period - Shot by Ryan Carpenter.
1:20 of 1st period - Shot Misses the Net.
1:22 of 1st period - Shot by Ryan Carpenter.
1:22 of 1st period - Shot Misses the Net.
1:31 of 1st period - Icing by Drake Batherson.
1:32 of 1st period - Dylan Cozens wins face-off versus Kevin Stenlund in EDMONTON Oilers zone.
2:04 of 1st period - Shot by Janne Kuokkanen.
2:04 of 1st period - Shot Misses the Net.
2:40 of 1st period - Double Minor Penalty to Mark Friedman for Slashing.
2:41 of 1st period - Tyler Seguin wins face-off versus Kent Johnson in TORONTO Maple Leafs zone.
2:51 of 1st period - Alexander Romanov is hit by John Marino.
3:06 of 1st period - Denis Gurianov is hit by Nick Leddy and loses puck.
3:09 of 1st period - Shot by Alexander Romanov.
3:09 of 1st period - Stopped by Matt Murray with a rebound.
3:11 of 1st period - Shot by Denis Gurianov.
3:11 of 1st period - Shot Misses the Net.
3:49 of 1st period - Icing by Tucker Poolman.
3:50 of 1st period - Alex Wennberg wins face-off versus Josh Bailey in EDMONTON Oilers zone.
3:50 of 1st period - Alex Wennberg is hit by Sam Lafferty.
5:37 of 1st period - Icing by Alexander Romanov.
5:38 of 1st period - Tyler Seguin wins face-off versus Kent Johnson in EDMONTON Oilers zone.
7:14 of 1st period - Shot by Janne Kuokkanen.
7:14 of 1st period - Deflect By Alexander Holtz.
7:14 of 1st period - Stopped by Adin Hill without a rebound.
7:15 of 1st period - Nico Sturm wins face-off versus Ryan Carpenter in EDMONTON Oilers zone.
7:15 of 1st period - Nico Sturm is hit by Jonah Gadjovich.
7:36 of 1st period - Jonah Gadjovich is hit by Alexander Romanov.
7:38 of 1st period - Shot by Ryan Carpenter.
7:38 of 1st period - Deflect By Simon Holmstrom.
7:38 of 1st period - Stopped by Adin Hill without a rebound.
7:39 of 1st period - Dylan Cozens wins face-off versus Sam Lafferty in EDMONTON Oilers zone.
7:52 of 1st period - Shot by Dylan Cozens.
7:52 of 1st period - Shot Blocked by Artem Zub.
7:54 of 1st period - Shot by Drake Batherson.
7:54 of 1st period - Shot Misses the Net.
7:56 of 1st period - Shot by Drake Batherson.
7:56 of 1st period - Shot Blocked by Artem Zub.
7:58 of 1st period - Shot by Tucker Poolman.
7:58 of 1st period - Stopped by Matt Murray without a rebound.
7:59 of 1st period - Tyler Seguin wins face-off versus T.J. Oshie in TORONTO Maple Leafs zone.
8:14 of 1st period - Shot by Tyler Seguin.
8:14 of 1st period - Stopped by Adin Hill without a rebound.
8:15 of 1st period - Sam Lafferty wins face-off versus Dylan Cozens in EDMONTON Oilers zone.
8:15 of 1st period - Mark Friedman is hit by Moritz Seider and loses puck.
8:18 of 1st period - Shot by Sam Lafferty.
8:18 of 1st period - Shot Misses the Net.
8:57 of 1st period - Shot by Moritz Seider.
8:57 of 1st period - Stopped by Matt Murray without a rebound.
8:58 of 1st period - Tyler Seguin wins face-off versus Alex Wennberg in TORONTO Maple Leafs zone.
8:58 of 1st period - Tyler Seguin is hit by Kyle Palmieri.
9:17 of 1st period - Off-side.
9:18 of 1st period - Kevin Stenlund wins face-off versus Nico Sturm in neutral zone.
9:45 of 1st period - Shot by Artem Zub.
9:45 of 1st period - Goal by Artem Zub - EDMONTON Oilers : 0 - TORONTO Maple Leafs : 1.
9:46 of 1st period - Alex Wennberg wins face-off versus Tyler Seguin in neutral zone.
10:04 of 1st period - Shot by Alex Wennberg.
10:04 of 1st period - Shot Blocked by Mark Friedman.
10:06 of 1st period - Shot by Alex Wennberg.
10:06 of 1st period - Deflect By Kyle Palmieri.
10:06 of 1st period - Shot Misses the Net.
10:08 of 1st period - Shot by Alexander Romanov.
10:08 of 1st period - Stopped by Matt Murray with a rebound.
10:26 of 1st period - Shot by Ryan Carpenter.
10:26 of 1st period - Stopped by Adin Hill without a rebound.
10:27 of 1st period - Sam Lafferty wins face-off versus Leo Komarov in EDMONTON Oilers zone.
10:31 of 1st period - Icing by Tucker Poolman.
10:32 of 1st period - Leo Komarov wins face-off versus Colin White in EDMONTON Oilers zone.
10:54 of 1st period - Shot by Mark Jankowski.
10:54 of 1st period - Shot Misses the Net.
10:56 of 1st period - Shot by Mark Jankowski.
10:56 of 1st period - Goal by Mark Jankowski - EDMONTON Oilers : 0 - TORONTO Maple Leafs : 2.
10:57 of 1st period - Dylan Cozens wins face-off versus Tyler Seguin in neutral zone.
11:02 of 1st period - Shot by Moritz Seider.
11:02 of 1st period - Shot Misses the Net.
11:52 of 1st period - Icing by Mark Friedman.
11:53 of 1st period - Tyler Seguin wins face-off versus Nico Sturm in TORONTO Maple Leafs zone.
11:53 of 1st period - Tyler Seguin is hit by Nico Sturm.
12:13 of 1st period - Icing by Nikita Zaitsev.
12:14 of 1st period - Nico Sturm wins face-off versus Sam Lafferty in EDMONTON Oilers zone.
13:55 of 1st period - Shot by Moritz Seider.
13:55 of 1st period - Shot Blocked by Artem Zub.
14:05 of 1st period - Janne Kuokkanen is hit by Dylan Cozens.
14:08 of 1st period - Off-side.
14:09 of 1st period - Tyler Seguin wins face-off versus Dylan Cozens in neutral zone.
15:31 of 1st period - Shot by John Marino.
15:31 of 1st period - Stopped by Adin Hill without a rebound.
15:32 of 1st period - Alex Wennberg wins face-off versus Ryan Carpenter in EDMONTON Oilers zone.
16:52 of 1st period - Shot by Janne Kuokkanen.
16:52 of 1st period - Stopped by Adin Hill without a rebound.
16:53 of 1st period - Dylan Cozens wins face-off versus Sam Lafferty in EDMONTON Oilers zone.
16:59 of 1st period - Will Butcher is hit by Colin White and loses puck.
17:04 of 1st period - Michal Kempny is hit by Sam Lafferty and loses puck.
17:05 of 1st period - Minor Penalty to Sam Lafferty for Slashing.
17:06 of 1st period - Tyler Seguin wins face-off versus Alex Wennberg in TORONTO Maple Leafs zone.
18:09 of 1st period - Shot by Moritz Seider.
18:09 of 1st period - Shot Misses the Net.
18:18 of 1st period - Drake Batherson is hit by Vince Dunn and loses puck.
19:13 of 1st period - Nicolas Aube-Kubel is hit by Mark Friedman and loses puck.
19:40 of 1st period - Shot by Milan Lucic.
19:40 of 1st period - Shot Blocked by Mark Friedman.
19:42 of 1st period - Shot by Nicolas Aube-Kubel.
19:42 of 1st period - Shot Misses the Net.
19:44 of 1st period - Shot by Michal Kempny.
19:44 of 1st period - Shot Blocked by Artem Zub.
Goals for this period are 0 for EDMONTON Oilers vs 2 for TORONTO Maple Leafs.
Shots for this period are 4 for EDMONTON Oilers vs 9 for TORONTO Maple Leafs.

2nd period


0:01 of 2nd period - Dylan Cozens wins face-off versus Tyler Seguin in neutral zone.
0:28 of 2nd period - Shot by Vince Dunn.
0:28 of 2nd period - Stopped by Adin Hill without a rebound.
0:29 of 2nd period - Sam Lafferty wins face-off versus Alex Wennberg in EDMONTON Oilers zone.
0:52 of 2nd period - Shot by Alex Wennberg.
0:52 of 2nd period - Shot Misses the Net.
1:22 of 2nd period - Shot by Josh Bailey.
1:22 of 2nd period - Shot Misses the Net.
1:42 of 2nd period - Icing by T.J. Oshie.
1:43 of 2nd period - Kyle Palmieri wins face-off versus Alexander Holtz in EDMONTON Oilers zone.
2:01 of 2nd period - Shot by Alexander Holtz.
2:01 of 2nd period - Shot Blocked by Alexander Romanov.
2:13 of 2nd period - Shot by Kevin Stenlund.
2:13 of 2nd period - Stopped by Adin Hill with a rebound.
2:44 of 2nd period - Icing by Alexander Romanov.
2:45 of 2nd period - Tyler Seguin wins face-off versus Dylan Cozens in EDMONTON Oilers zone.
2:48 of 2nd period - Shot by Josh Bailey.
2:48 of 2nd period - Shot Hit the Post.
2:50 of 2nd period - Shot by Vince Dunn.
2:50 of 2nd period - Deflect By Josh Bailey.
2:50 of 2nd period - Shot Blocked by Alexander Romanov.
2:56 of 2nd period - Shot by Mark Friedman.
2:56 of 2nd period - Stopped by Adin Hill without a rebound.
2:57 of 2nd period - Sam Lafferty wins face-off versus Nico Sturm in EDMONTON Oilers zone.
3:25 of 2nd period - Icing by Nico Sturm.
3:26 of 2nd period - Nico Sturm wins face-off versus Tyler Seguin in EDMONTON Oilers zone.
3:26 of 2nd period - Nico Sturm is hit by Ryan Carpenter.
3:58 of 2nd period - Shot by T.J. Oshie.
3:58 of 2nd period - Shot Blocked by Ryan Carpenter.
4:11 of 2nd period - Ryan Carpenter is hit by Nikita Zaitsev and loses puck.
4:27 of 2nd period - Icing by John Marino.
4:28 of 2nd period - Sam Lafferty wins face-off versus Dylan Cozens in TORONTO Maple Leafs zone.
4:28 of 2nd period - Sam Lafferty is hit by Drake Batherson.
4:42 of 2nd period - Shot by Nick Leddy.
4:42 of 2nd period - Deflect By Sam Lafferty.
4:42 of 2nd period - Stopped by Adin Hill without a rebound.
4:43 of 2nd period - Kevin Stenlund wins face-off versus Leo Komarov in EDMONTON Oilers zone.
4:43 of 2nd period - Alex Goligoski is hit by Alexander Romanov and loses puck.
4:50 of 2nd period - Shot by Alexander Holtz.
4:50 of 2nd period - Shot Misses the Net.
4:52 of 2nd period - Shot by Alex Goligoski.
4:52 of 2nd period - Stopped by Adin Hill with a rebound.
5:22 of 2nd period - Minor Penalty to Milan Lucic for Tripping.
5:23 of 2nd period - Tyler Seguin wins face-off versus Owen Tippett in EDMONTON Oilers zone.
5:24 of 2nd period - Shot by Nick Leddy.
5:24 of 2nd period - Shot Misses the Net.
5:26 of 2nd period - Shot by Nick Leddy.
5:26 of 2nd period - Stopped by Adin Hill with a rebound.
5:28 of 2nd period - Shot by Josh Bailey.
5:28 of 2nd period - Shot Misses the Net.
5:30 of 2nd period - Shot by John Marino.
5:30 of 2nd period - Stopped by Adin Hill without a rebound.
5:31 of 2nd period - Tyler Seguin wins face-off versus Owen Tippett in EDMONTON Oilers zone.
5:42 of 2nd period - Shot by Nick Leddy.
5:42 of 2nd period - Stopped by Adin Hill without a rebound.
5:43 of 2nd period - Sam Lafferty wins face-off versus Owen Tippett in EDMONTON Oilers zone.
6:00 of 2nd period - Shot by Vince Dunn.
6:00 of 2nd period - Stopped by Adin Hill without a rebound.
6:01 of 2nd period - Owen Tippett wins face-off versus Tyler Seguin in EDMONTON Oilers zone.
6:01 of 2nd period - Owen Tippett is hit by Tyler Seguin.
6:15 of 2nd period - Shot by Nick Leddy.
6:15 of 2nd period - Deflect By Tyler Seguin.
6:15 of 2nd period - Shot Misses the Net.
6:17 of 2nd period - Shot by Josh Bailey.
6:17 of 2nd period - Shot Misses the Net.
6:55 of 2nd period - Shot by Alex Goligoski.
6:55 of 2nd period - Stopped by Adin Hill with a rebound.
6:57 of 2nd period - Shot by Sam Lafferty.
6:57 of 2nd period - Shot Misses the Net.
7:29 of 2nd period - Shot by Kevin Stenlund.
7:29 of 2nd period - Stopped by Adin Hill without a rebound.
7:30 of 2nd period - Nico Sturm wins face-off versus Kevin Stenlund in EDMONTON Oilers zone.
8:06 of 2nd period - Shot by Janne Kuokkanen.
8:06 of 2nd period - Stopped by Adin Hill without a rebound.
8:07 of 2nd period - Dylan Cozens wins face-off versus Tyler Seguin in EDMONTON Oilers zone.
8:07 of 2nd period - Dylan Cozens is hit by Ryan Carpenter.
8:34 of 2nd period - Shot by Josh Bailey.
8:34 of 2nd period - Shot Misses the Net.
10:16 of 2nd period - Shot by Nico Sturm.
10:16 of 2nd period - Goal by Nico Sturm - EDMONTON Oilers : 1 - TORONTO Maple Leafs : 2.
10:17 of 2nd period - Nicolas Aube-Kubel wins face-off versus Tyler Seguin in neutral zone.
10:23 of 2nd period - Icing by Nick Leddy.
10:24 of 2nd period - Tyler Seguin wins face-off versus Leo Komarov in TORONTO Maple Leafs zone.
10:57 of 2nd period - John Marino is hit by Nicolas Aube-Kubel and loses puck.
11:40 of 2nd period - Kevin Stenlund is hit by Drake Batherson and loses puck.
11:45 of 2nd period - Shot by Drake Batherson.
11:45 of 2nd period - Goal by Drake Batherson - EDMONTON Oilers : 2 - TORONTO Maple Leafs : 2.
11:46 of 2nd period - Sam Lafferty wins face-off versus Alex Wennberg in neutral zone.
12:05 of 2nd period - Shot by Alex Wennberg.
12:05 of 2nd period - Deflect By T.J. Oshie.
12:05 of 2nd period - Shot Misses the Net.
13:18 of 2nd period - Icing by Alex Goligoski.
13:19 of 2nd period - Nico Sturm wins face-off versus Ryan Carpenter in TORONTO Maple Leafs zone.
14:09 of 2nd period - Off-side.
14:10 of 2nd period - Dylan Cozens wins face-off versus Mark Jankowski in neutral zone.
14:18 of 2nd period - Dylan Cozens is hit by Mark Friedman.
14:27 of 2nd period - Vince Dunn is hit by Drake Batherson and loses puck.
14:33 of 2nd period - Sam Lafferty is hit by Alexander Romanov and loses puck.
14:49 of 2nd period - Minor Penalty to Moritz Seider for High sticking.
14:50 of 2nd period - Josh Bailey wins face-off versus Owen Tippett in EDMONTON Oilers zone.
15:07 of 2nd period - Shot by John Marino.
15:07 of 2nd period - Stopped by Adin Hill without a rebound.
15:08 of 2nd period - Owen Tippett wins face-off versus Tyler Seguin in EDMONTON Oilers zone.
15:08 of 2nd period - Owen Tippett is hit by Ryan Carpenter.
16:08 of 2nd period - Shot by Sam Lafferty.
16:08 of 2nd period - Stopped by Adin Hill without a rebound.
16:09 of 2nd period - T.J. Oshie wins face-off versus Sam Lafferty in EDMONTON Oilers zone.
16:09 of 2nd period - T.J. Oshie is hit by Sam Lafferty.
16:29 of 2nd period - Shot by Nick Leddy.
16:29 of 2nd period - Shot Blocked by Michal Kempny.
16:31 of 2nd period - Shot by Colin White.
16:31 of 2nd period - Deflect By Mark Jankowski.
16:31 of 2nd period - Goal by Mark Jankowski - EDMONTON Oilers : 2 - TORONTO Maple Leafs : 3.
16:32 of 2nd period - Nico Sturm wins face-off versus Kevin Stenlund in neutral zone.
16:56 of 2nd period - Shot by Kevin Stenlund.
16:56 of 2nd period - Shot Misses the Net.
16:58 of 2nd period - Shot by Janne Kuokkanen.
16:58 of 2nd period - Deflect By Kevin Stenlund.
16:58 of 2nd period - Stopped by Adin Hill without a rebound.
16:59 of 2nd period - Sam Lafferty wins face-off versus Leo Komarov in EDMONTON Oilers zone.
17:10 of 2nd period - Shot by Milan Lucic.
17:10 of 2nd period - Goal by Milan Lucic - EDMONTON Oilers : 3 - TORONTO Maple Leafs : 3.
17:11 of 2nd period - Josh Bailey wins face-off versus Alex Wennberg in neutral zone.
17:11 of 2nd period - Josh Bailey is hit by T.J. Oshie.
17:27 of 2nd period - Shot by Tyler Seguin.
17:27 of 2nd period - Stopped by Adin Hill without a rebound.
17:28 of 2nd period - Sam Lafferty wins face-off versus Dylan Cozens in EDMONTON Oilers zone.
17:34 of 2nd period - Icing by Dylan Cozens.
17:35 of 2nd period - Dylan Cozens wins face-off versus Tyler Seguin in EDMONTON Oilers zone.
17:44 of 2nd period - Shot by Josh Bailey.
17:44 of 2nd period - Stopped by Adin Hill without a rebound.
17:45 of 2nd period - Alex Wennberg wins face-off versus Tyler Seguin in EDMONTON Oilers zone.
17:54 of 2nd period - Shot by Kyle Palmieri.
17:54 of 2nd period - Shot Misses the Net.
18:06 of 2nd period - Shot by Vince Dunn.
18:06 of 2nd period - Stopped by Adin Hill without a rebound.
18:07 of 2nd period - Dylan Cozens wins face-off versus Sam Lafferty in EDMONTON Oilers zone.
Goals for this period are 3 for EDMONTON Oilers vs 1 for TORONTO Maple Leafs.
Shots for this period are 3 for EDMONTON Oilers vs 19 for TORONTO Maple Leafs.

3rd period


0:01 of 3rd period - Tyler Seguin wins face-off versus Dylan Cozens in neutral zone.
0:12 of 3rd period - Shot by Josh Bailey.
0:12 of 3rd period - Stopped by Adin Hill without a rebound.
0:13 of 3rd period - Alex Wennberg wins face-off versus Mark Jankowski in EDMONTON Oilers zone.
0:52 of 3rd period - Shot by Kyle Palmieri.
0:52 of 3rd period - Shot Misses the Net.
0:54 of 3rd period - Shot by Kyle Palmieri.
0:54 of 3rd period - Stopped by Matt Murray without a rebound.
0:55 of 3rd period - Tyler Seguin wins face-off versus Dylan Cozens in TORONTO Maple Leafs zone.
0:55 of 3rd period - Tyler Seguin is hit by Dylan Cozens.
1:35 of 3rd period - Shot by Josh Bailey.
1:35 of 3rd period - Stopped by Adin Hill with a rebound.
1:37 of 3rd period - Shot by Ryan Carpenter.
1:37 of 3rd period - Shot Misses the Net.
1:39 of 3rd period - Shot by Vince Dunn.
1:39 of 3rd period - The goal is going for a video replay.
1:39 of 3rd period - The goal is refused.
1:40 of 3rd period - Kevin Stenlund wins face-off versus Leo Komarov in EDMONTON Oilers zone.
1:51 of 3rd period - Shot by Kevin Stenlund.
1:51 of 3rd period - Shot Misses the Net.
1:55 of 3rd period - Shot by Janne Kuokkanen.
1:55 of 3rd period - Goal by Janne Kuokkanen - EDMONTON Oilers : 3 - TORONTO Maple Leafs : 4.
1:56 of 3rd period - Sam Lafferty wins face-off versus Nico Sturm in neutral zone.
2:13 of 3rd period - Shot by Colin White.
2:13 of 3rd period - Shot Misses the Net.
2:15 of 3rd period - Shot by Alex Goligoski.
2:15 of 3rd period - Shot Misses the Net.
2:23 of 3rd period - Shot by Sam Lafferty.
2:23 of 3rd period - Stopped by Adin Hill with a rebound.
2:48 of 3rd period - Off-side.
2:49 of 3rd period - Tyler Seguin wins face-off versus Dylan Cozens in neutral zone.
3:42 of 3rd period - Icing by Vince Dunn.
3:43 of 3rd period - Tyler Seguin wins face-off versus Leo Komarov in TORONTO Maple Leafs zone.
3:43 of 3rd period - Ryan Carpenter is hit by Milan Lucic and loses puck.
3:52 of 3rd period - Icing by Will Butcher.
3:53 of 3rd period - Leo Komarov wins face-off versus Sam Lafferty in EDMONTON Oilers zone.
4:11 of 3rd period - Minor Penalty to Nicolas Aube-Kubel for Delaying the game.
4:12 of 3rd period - Sam Lafferty wins face-off versus Owen Tippett in EDMONTON Oilers zone.
4:41 of 3rd period - Shot by Vince Dunn.
4:41 of 3rd period - Stopped by Adin Hill without a rebound.
4:42 of 3rd period - Tyler Seguin wins face-off versus Owen Tippett in EDMONTON Oilers zone.
6:01 of 3rd period - Vince Dunn is hit by Nikita Zaitsev and loses puck.
6:30 of 3rd period - Minor Penalty to Alex Goligoski for Slashing.
6:31 of 3rd period - Tyler Seguin wins face-off versus Kent Johnson in TORONTO Maple Leafs zone.
6:57 of 3rd period - Kyle Palmieri is hit by Vince Dunn and loses puck.
7:26 of 3rd period - Shot by Owen Tippett.
7:26 of 3rd period - Shot Misses the Net.
7:28 of 3rd period - Shot by Tucker Poolman.
7:28 of 3rd period - Shot Misses the Net.
9:03 of 3rd period - Artem Zub is hit by Milan Lucic and loses puck.
9:32 of 3rd period - Shot by Owen Tippett.
9:32 of 3rd period - Stopped by Matt Murray without a rebound.
9:33 of 3rd period - Alex Wennberg wins face-off versus Tyler Seguin in TORONTO Maple Leafs zone.
9:48 of 3rd period - Nikita Zaitsev is hit by Tyler Seguin and loses puck.
9:53 of 3rd period - Shot by John Marino.
9:53 of 3rd period - Stopped by Adin Hill with a rebound.
9:57 of 3rd period - Shot by Mark Friedman.
9:57 of 3rd period - Stopped by Adin Hill without a rebound.
9:58 of 3rd period - Ryan Carpenter wins face-off versus Nico Sturm in EDMONTON Oilers zone.
10:53 of 3rd period - Shot by Nicolas Aube-Kubel.
10:53 of 3rd period - Stopped by Matt Murray without a rebound.
10:54 of 3rd period - Owen Tippett wins face-off versus Sam Lafferty in TORONTO Maple Leafs zone.
12:17 of 3rd period - Shot by Alexander Holtz.
12:17 of 3rd period - Stopped by Adin Hill without a rebound.
12:18 of 3rd period - Tyler Seguin wins face-off versus Nico Sturm in EDMONTON Oilers zone.
13:20 of 3rd period - Shot by Dylan Cozens.
13:20 of 3rd period - Stopped by Matt Murray with a rebound.
13:49 of 3rd period - Shot by Kevin Stenlund.
13:49 of 3rd period - Shot Misses the Net.
14:08 of 3rd period - Shot by Alexander Holtz.
14:08 of 3rd period - Stopped by Adin Hill without a rebound.
14:09 of 3rd period - Sam Lafferty wins face-off versus T.J. Oshie in EDMONTON Oilers zone.
14:09 of 3rd period - Artem Zub is hit by Michal Kempny and loses puck.
14:24 of 3rd period - Shot by Sam Lafferty.
14:24 of 3rd period - Stopped by Adin Hill with a rebound.
14:26 of 3rd period - Shot by Artem Zub.
14:26 of 3rd period - Deflect By Mark Jankowski.
14:26 of 3rd period - Stopped by Adin Hill without a rebound.
14:27 of 3rd period - Milan Lucic wins face-off versus Sam Lafferty in EDMONTON Oilers zone.
14:47 of 3rd period - Shot by Moritz Seider.
14:47 of 3rd period - Shot Blocked by John Marino.
15:25 of 3rd period - Minor Penalty to Nick Leddy for Holding.
15:25 of 3rd period - Minor Penalty to T.J. Oshie for Roughing.
15:26 of 3rd period - Tyler Seguin wins face-off versus Owen Tippett in TORONTO Maple Leafs zone.
15:35 of 3rd period - Shot by Ryan Carpenter.
15:35 of 3rd period - Stopped by Adin Hill without a rebound.
15:36 of 3rd period - Owen Tippett wins face-off versus Ryan Carpenter in EDMONTON Oilers zone.
15:49 of 3rd period - Alex Wennberg is hit by Artem Zub and loses puck.
15:50 of 3rd period - Minor Penalty to Artem Zub for Slashing.
15:51 of 3rd period - Owen Tippett wins face-off versus Tyler Seguin in TORONTO Maple Leafs zone.
16:07 of 3rd period - Icing by Alexander Romanov.
16:08 of 3rd period - Owen Tippett wins face-off versus Tyler Seguin in EDMONTON Oilers zone.
16:15 of 3rd period - Shot by Tyler Seguin.
16:15 of 3rd period - Shot Misses the Net.
16:17 of 3rd period - Shot by John Marino.
16:17 of 3rd period - Stopped by Adin Hill without a rebound.
16:18 of 3rd period - Tyler Seguin wins face-off versus Owen Tippett in EDMONTON Oilers zone.
16:19 of 3rd period - Shot by John Marino.
16:19 of 3rd period - Stopped by Adin Hill without a rebound.
16:20 of 3rd period - Tyler Seguin wins face-off versus Owen Tippett in EDMONTON Oilers zone.
17:36 of 3rd period - Jonah Gadjovich is hit by Drake Batherson.
17:50 of 3rd period - Shot by Kyle Palmieri.
17:50 of 3rd period - Shot Misses the Net.
17:52 of 3rd period - Shot by Will Butcher.
17:52 of 3rd period - Shot Misses the Net.
18:25 of 3rd period - Janne Kuokkanen is hit by Michal Kempny and loses puck.
18:56 of 3rd period - Off-side.
18:57 of 3rd period - Sam Lafferty wins face-off versus Dylan Cozens in neutral zone.
19:10 of 3rd period - EDMONTON Oilers, Adin Hill is pulled from the net.
19:15 of 3rd period - Sam Lafferty beats up Alexander Romanov.
19:15 of 3rd period - Penalty to Sam Lafferty for Fighting.
19:15 of 3rd period - Penalty to Alexander Romanov for Fighting.
19:16 of 3rd period - Alex Wennberg wins face-off versus Tyler Seguin in TORONTO Maple Leafs zone.
19:57 of 3rd period - Shot by Alex Wennberg.
19:57 of 3rd period - Stopped by Matt Murray with a rebound.
19:59 of 3rd period - Shot by Dylan Cozens.
19:59 of 3rd period - Stopped by Matt Murray without a rebound.
Goals for this period are 0 for EDMONTON Oilers vs 1 for TORONTO Maple Leafs.
Shots for this period are 6 for EDMONTON Oilers vs 15 for TORONTO Maple Leafs. Output by the SimonT Hockey Simulator (STHS) for Martin Benoit - Original Page W3C HTML5 Valid
Hockey Simulator - Hockey Simulation - Hockey Manager